 Dungeon Crawl Stone Soup version 0.25-a0-591-g2ad0d86 (webtiles) character file.

Game seed: 8613597233022894386, levelgen mode: deterministic

158 MrTaco21 the Cudgeler (level 5, -6/41 HPs)
             Began as a Formicid Fighter on Mar 14, 2020.
             Mangled by Faels's ghost (8 damage)
             ... on level 3 of the Dungeon.
             The game lasted 00:04:44 (1936 turns).

MrTaco21 the Cudgeler (Formicid Fighter)            Turns: 1936, Time: 00:04:45

Health: -6/41      AC: 10    Str: 22    XL:     5   Next: 67%
Magic:  5/5        EV:  6    Int:  7    God:
Gold:   107        SH:  9    Dex: 10    Spells: 4/4 levels left

rFire    . . .     SeeInvis +   o - +2 mace (vorpal)
rCold    . . .     Gourm    .   c - +0 kite shield
rNeg     . . .     Faith    .   f - +0 chain mail
rPois    .         Spirit   .   (helmet unavailable)
rElec    .         Reflect  .   b - +0 cloak
rCorr    .         Harm     .   (no gloves)
MR       .....                  (no boots)
Stlth    ..........             (no amulet)
HPRegen  0.13/turn              (no ring)
MPRegen  0.09/turn              (no ring)

@: no status effects
A: permanent stasis, dig shafts and tunnels, four strong arms, antennae 3
a: Dig, Shaft Self


You were on level 3 of the Dungeon.
You were not hungry.

You visited 1 branch of the dungeon, and saw 3 of its levels.

You collected 107 gold pieces.

Inventory:

Hand Weapons
 o - a +2 vorpal mace (weapon)
   (You found it on level 2 of the Dungeon)
 p - a +2 quarterstaff of chaos
   (You took it off Crazy Yiuf on level 2 of the Dungeon)
Armour
 b - a +0 cloak (worn)
   (You took it off Crazy Yiuf on level 2 of the Dungeon)
 c - a +0 kite shield (worn)
 f - a +0 chain mail (worn)
   (You found it on level 2 of the Dungeon)
Scrolls
 g - a scroll of fog {unknown}
 h - 2 scrolls of enchant armour {unknown}
 i - a scroll of remove curse {unknown}
 j - a scroll of identify {@r1}
 k - a scroll of blinking {unknown}
 l - a scroll of teleportation {unknown}
Potions
 d - a potion of might
Comestibles
 e - 3 rations {!d}
 m - 2 chunks of flesh


   Skills:
 - Level 3.2 Fighting
 + Level 5.4 Maces & Flails
 - Level 3.2 Armour
 - Level 3.6 Shields


You had 4 spell levels left.
You didn't know any spells.
Your spell library contained the following spells:

 Spells                   Type           Power        Failure   Level  Hunger
 Magic Dart               Conj           #...         100%        1    ##.....
 Searing Ray              Conj           #.....       100%        2    ###....
 Dazzling Flash           Conj/Hex       #.....       100%        3    ####...
 Fulminant Prism          Conj/Hex       #.........   100%        4    #####..
 Iskenderun's Mystic Bla  Conj/Tloc      #.......     100%        4    #####..


Dungeon Overview and Level Annotations

Branches:
Dungeon (3/15)

Altars:
Fedhas
Hepliaklqana
Kikubaaqudgha

Annotations:
D:3 Faels's ghost, weakling MiFi


Innate Abilities, Weirdness & Mutations

You cannot be hasted, slowed, berserked, paralysed or teleported.
You can dig through walls and to a lower floor.
Your four strong arms can wield two-handed weapons with a shield.
You have a pair of large antennae on your head. (SInv)


Message History

Eating one of 5 chunks of flesh.
You eat one of the 5 chunks of flesh.
You butcher the frilled lizard corpse.
m - 5 chunks of flesh (gained 1)
You see here a frilled lizard skeleton. x2
Found 6 gold pieces.
The adder hisses angrily.
Some of the chunks of flesh in your inventory have rotted away.
Found a metal-bound book.
You now have 107 gold pieces (gained 6).
Found a ration.
You pick up a book of Conjurations and begin reading...
You add the spells Magic Dart, Searing Ray, Dazzling Flash, Fulminant Prism and Iskenderun's Mystic Blast to your library.
You sense a monster nearby.
Faels's ghost turns its malevolent gaze towards you.
The ball python hisses angrily.
You hear an angry hiss.
You open the door. The adder bites you but does no damage.
You barely miss the adder. You miss the adder.
The adder bites you but does no damage. You block Faels's ghost's attack.
You block the adder's attack.
Your shield and chain mail prevent you from hitting the adder.
Faels's ghost hits you but does no damage.
The adder completely misses you. Faels's ghost closely misses you.
You block the adder's attack.
You closely miss the adder. You block the adder's attack.
Faels's ghost barely misses you.
You closely miss the adder. You block the adder's attack.
Faels's ghost hits you! The adder barely misses you.
You thump the adder!
You kill the adder!
Faels's ghost hits you!
Unknown command.
You thump Faels's ghost!
Faels's ghost whispers, "It is all a dream - a grotesque and foolish dream."
Faels's ghost hits you.
* * * LOW HITPOINT WARNING * * *
You closely miss Faels's ghost. Faels's ghost hits you!
* * * LOW HITPOINT WARNING * * *
You hit Faels's ghost but do no damage. You block Faels's ghost's attack.
Faels's ghost barely misses you.
Unknown command.
You hit Faels's ghost but do no damage. You block Faels's ghost's attack.
Unknown command.
You barely miss Faels's ghost. You block Faels's ghost's attack.
Unknown command.
You sock Faels's ghost! Faels's ghost hits you!
* * * LOW HITPOINT WARNING * * *
You hit Faels's ghost. You block Faels's ghost's attack.
Unknown command.
You hit Faels's ghost. Faels's ghost hits you!
You die...

##........## #..........#
#..........# #..........# #
#..........# #
#..........##############
#######........#..............
...............#.#####........
######..........@†# #........
.....#........##W#####........
####..........#≈Sl#...........
###...........#≈≈≈#...########
....##...(....#≈≈≈###....##
.#####.÷......#≈≈≈# ####..# ##
#........#≈%≈# ##.## ##
#.......##≈≈≈# #..#
.#####...>...# { ##...#


You could see Faels's ghost, a leopard gecko and a ball python.

Vanquished Creatures
  Crazy Yiuf (D:2)
  Jessica (D:2)
  5 adders
  A dart slug (D:1)
  A giant cockroach (D:1)
  14 goblins
  7 hobgoblins
  A quokka (D:2)
  9 bats
  10 frilled lizards
  5 kobolds
  5 rats
60 creatures vanquished.

Notes
Turn   | Place    | Note
-------+----------+-------------------------------------------
     0 | D:1      | MrTaco21 the Formicid Fighter began the quest for the Orb.
     0 | D:1      | Reached XP level 1. HP: 18/18 MP: 1/1
    45 | D:1      | Reached XP level 2. HP: 20/24 MP: 2/2
   170 | D:1      | Reached skill level 3 in Maces & Flails
   238 | D:1      | Reached XP level 3. HP: 21/29 MP: 3/3
   926 | D:2      | Found a faded altar of an unknown god.
   926 | D:2      | Found an ancient bone altar of Kikubaaqudgha.
   931 | D:2      | Found a hazy altar of Hepliaklqana.
   933 | D:2      | Found a faded altar of an unknown god.
   935 | D:2      | Found a blossoming altar of Fedhas.
   956 | D:2      | Reached skill level 4 in Maces & Flails
   956 | D:2      | Reached XP level 4. HP: 35/35 MP: 4/4
  1350 | D:2      | Found a runed translucent door.
  1351 | D:2      | Noticed Crazy Yiuf
  1384 | D:2      | Noticed Jessica
  1390 | D:2      | Killed Jessica
  1390 | D:2      | Reached skill level 5 in Maces & Flails
  1390 | D:2      | Reached XP level 5. HP: 39/41 MP: 5/5
  1636 | D:2      | Killed Crazy Yiuf
  1873 | D:3      | Found a runed translucent door.
  1919 | D:3      | Noticed Faels's ghost (weakling MiFi)
  1934 | D:3      | HP: 2/41 [Faels's ghost (8)]
  1936 | D:3      | Mangled by Faels's ghost

Levels and vault maps discovered:
D:1:      roderic_crossed_star, layout_basic, minmay_tall_x
D:2:      layout_basic, chequers_temple_overflow_minitemple,
          uniq_crazy_yiuf_cottage, uniq_jessica
D:3:      layout_rooms, ebering_ghost_sewer_f

Skill      XL: |  1  2  3  4 |
---------------+-------------+-----
Maces & Flails | 3 4 5 |  5.4
Fighting       | |  3.2
Armour         | |  3.2
Shields        | |  3.6

Action                   |  1- 3 |  4- 6 || total
-------------------------+-------+-------++-------
Melee: Flail             |   117 |    88 ||   205
       Mace              |       |    20 ||    20
  Use: Scroll            |       |     2 ||     2
  Eat: Chunk             |       |     4 ||     4
Armor: Scale mail        |    51 |       ||    51
       Chain mail        |     2 |    64 ||    66
Dodge: Dodged            |    37 |    34 ||    71
Block: Kite shield       |    72 |    56 ||   128

Table legend:
 A = Non-vault XP
 B = Vault XP
 C = Vault XP percentage of total XP
 D = Non-vault monster count
 E = Vault monster count
 F = Vault count percentage of total count
                 A         B        C        D         E       F
            +---------+---------+-------+---------+---------+-------
      Total |     130 |      97 |  42.7 |      53 |       7 |  11.7
            +---------+---------+-------+---------+---------+-------
        D:1 |      43 |       5 |  10.4 |      24 |       4 |  14.3
        D:2 |      81 |      79 |  49.4 |      25 |       2 |   7.4
        D:3 |       6 |      13 |  68.4 |       4 |       1 |  20.0
            +---------+---------+-------+---------+---------+-------
